MLB
PHILADELPHIA PHILLIES @ WASHINGTON NATIONALS
09/16/2026
 
TOP OF THE 1ST
Philadelphia Phillies batting - Pitching for Washington Nationals : RHP Joey Gatto
Pitching: RHP Joey Gatto
Batting: RHB Michael Garnier 0-0: Ball
1-0: Called Strike
1-1: Ball
2-1: Foul Ball, location: 2F
2-2: Fly out, F8 (Flyball, 8RM, EV 83 MPH)
Batting: LHB Ernesto Almirón 0-0: Called Strike
0-1: Ground out 3-1 (Groundball, 34S, EV 94 MPH)
Batting: RHB Maikel Franco 0-0: SINGLE (Line Drive, 9S, EV 99 MPH)
Batting: LHB Jonas Lantigua 0-0: Ball
1-0: Ball
2-0: Foul Ball, location: 3FF
2-1: Ball
3-1: Fly out, F3 (Popup, 3SF, EV 72 MPH)
Top of the 1st over - 0 runs, 1 hit, 0 errors, 1 left on base; Philadelphia 0 - Washington 0
BOTTOM OF THE 1ST
Washington Nationals batting - Pitching for Philadelphia Phillies : RHP Luis Miguel Rivera
Pitching: RHP Luis Miguel Rivera
Batting: RHB Monte Harrison 0-0: Ball
1-0: Swinging Strike
1-1: Called Strike
1-2: Ball
2-2: Strikes out swinging
Batting: RHB Michael Choice 0-0: Ball
1-0: Ball
2-0: Called Strike
2-1: Foul Ball, location: 3F
2-2: Strikes out looking
Batting: RHB Oscar Hernandez 0-0: Foul Ball, location: 25FF
0-1: Called Strike
0-2: Ground out 5-3 (Groundball, 5S, EV 50 MPH)
Bottom of the 1st over - 0 runs, 0 hits, 0 errors, 0 left on base; Philadelphia 0 - Washington 0
TOP OF THE 2ND
Philadelphia Phillies batting - Pitching for Washington Nationals : RHP Joey Gatto
Batting: RHB Ryan McBroom 0-0: Foul Ball, location: 7LDF
0-1: Ball
1-1: Swinging Strike
1-2: Ball
2-2: Ball
3-2: Strikes out swinging
Batting: LHB Ivan Hakanson 0-0: Foul Ball, location: 2F
0-1: Swinging Strike
0-2: Ball
1-2: Ground out 3-1 (Groundball, 34S, EV 81 MPH)
Batting: LHB Jake Turnbull 0-0: Ball
1-0: Ball
2-0: Called Strike
2-1: Ball
3-1: Base on Balls
Batting: RHB Brandon Diaz 0-0: Ball
1-0: Ball
2-0: Ball
3-0: Called Strike
3-1: Fly out, F7 (Flyball, 78D, EV 87 MPH)
Top of the 2nd over - 0 runs, 0 hits, 0 errors, 1 left on base; Philadelphia 0 - Washington 0
BOTTOM OF THE 2ND
Washington Nationals batting - Pitching for Philadelphia Phillies : RHP Luis Miguel Rivera
Batting: RHB Sean Daniels 0-0: Ground out 6-3 (Groundball, 6, EV 60 MPH)
Batting: LHB Greg Bird 0-0: Ball
1-0: Swinging Strike
1-1: Foul Ball, location: 23FF
1-2: Fly out, F7 (Flyball, 7, EV 85 MPH)
Batting: LHB David Dahl 0-0: Fly out, F9 (Flyball, 9D, EV 100 MPH)
Bottom of the 2nd over - 0 runs, 0 hits, 0 errors, 0 left on base; Philadelphia 0 - Washington 0
TOP OF THE 3RD
Philadelphia Phillies batting - Pitching for Washington Nationals : RHP Joey Gatto
Batting: LHB J.P. Crawford 0-0: Swinging Strike
0-1: Ball
1-1: Ground out 6-3 (Groundball, 6S, EV 61 MPH)
Batting: RHB Michael Garnier 0-0: Swinging Strike
0-1: Called Strike
0-2: Ball
1-2: Ball
2-2: Ball
3-2: Foul Ball, location: 7LMF
3-2: Fly out, F7 (Flyball, 7, EV 82 MPH)
Batting: LHB Ernesto Almirón 0-0: Ball
1-0: Called Strike
1-1: Called Strike
1-2: Ball
2-2: Ball
3-2: Foul Ball, location: 25F
3-2: Base on Balls
Batting: RHB Maikel Franco 0-0: Swinging Strike
0-1: Ball
1-1: Ball
2-1: SINGLE (Flyball, 89S, EV 78 MPH)
Ernesto Almirón to second
Runner from 2nd tries for 3rd, SAFE, throw by RF made to third
Batting: LHB Jonas Lantigua 0-0: Ball
1-0: Ball
2-0: Called Strike
2-1: Fly out, F9 (Flyball, 9D, EV 103 MPH)
Top of the 3rd over - 0 runs, 1 hit, 0 errors, 2 left on base; Philadelphia 0 - Washington 0
BOTTOM OF THE 3RD
Washington Nationals batting - Pitching for Philadelphia Phillies : RHP Luis Miguel Rivera
Batting: LHB Joe Wendle 0-0: Ball
1-0: Ball
2-0: Foul Ball, location: 9LDF
2-1: Called Strike
2-2: Reached on error, E5 (Groundball, 5D, EV 98 MPH)
Batting: RHB Chris Jarvis 0-0: Called Strike
0-1: Ground out 6-3 (Groundball, 6S, EV 58 MPH)
Joe Wendle to third
Batting: SHB Lucius Fox Jr. 0-0: Ball
1-0: SINGLE (Line Drive, 7S, EV 76 MPH)
Joe Wendle scores
Batting: RHB Monte Harrison 0-0: Ball
1-0: Ball
2-0: Ball
3-0: Called Strike
3-1: Foul Ball, location: 2F
3-2: Strikes out swinging
Lucius Fox Jr. steals 2nd base
Batter strikes out.
Batting: RHB Michael Choice 0-0: Ball
1-0: Ground out 5-3 (Groundball, 5S, EV 70 MPH)
Bottom of the 3rd over - 1 run, 1 hit, 1 error, 1 left on base; Philadelphia 0 - Washington 1
TOP OF THE 4TH
Philadelphia Phillies batting - Pitching for Washington Nationals : RHP Joey Gatto
Batting: RHB Ryan McBroom 0-0: Ball
1-0: Ball
2-0: Foul Ball, location: 7LMFF
2-1: Swinging Strike
2-2: Foul Ball, location: 2F
2-2: Ball
3-2: SINGLE (Line Drive, 78M, EV 84 MPH)
Batting: LHB Ivan Hakanson 0-0: Called Strike
0-1: Ball
1-1: Ball
2-1: Foul Ball, location: 23FF
2-2: Foul Ball, location: 7LSF
2-2: Foul Ball, location: 2F
2-2: Fielders Choice at 2nd, 2-6 (Groundball, 13S, EV 74 MPH)
Batting: LHB Jake Turnbull 0-0: Grounds into double play, 6-4-3 (Groundball, 6S, EV 88 MPH)
Top of the 4th over - 0 runs, 1 hit, 0 errors, 0 left on base; Philadelphia 0 - Washington 1
BOTTOM OF THE 4TH
Washington Nationals batting - Pitching for Philadelphia Phillies : RHP Luis Miguel Rivera
Batting: RHB Oscar Hernandez 0-0: Called Strike
0-1: Called Strike
0-2: Ball
1-2: Ball
2-2: Ball
3-2: Strikes out swinging
Batting: RHB Sean Daniels 0-0: Ground out 5-3 (Groundball, 25, EV 71 MPH)
Batting: LHB Greg Bird 0-0: Ball
1-0: Called Strike
1-1: Called Strike
1-2: Ball
2-2: Ball
3-2: Fly out, F9 (Line Drive, 9D, EV 93 MPH)
Bottom of the 4th over - 0 runs, 0 hits, 0 errors, 0 left on base; Philadelphia 0 - Washington 1
TOP OF THE 5TH
Philadelphia Phillies batting - Pitching for Washington Nationals : RHP Joey Gatto
Batting: RHB Brandon Diaz 0-0: Fly out, F7 (Flyball, 78M, EV 79 MPH)
Batting: LHB J.P. Crawford 0-0: Swinging Strike
0-1: Ball
1-1: Foul Ball, location: 7LDF
1-2: Ball
2-2: Ball
3-2: Base on Balls
Pitching: RHP Cristian Quintin
Batting: RHB Michael Garnier 0-0: Called Strike
0-1: Ball
1-1: Ball
2-1: Called Strike
2-2: Strikes out looking
Batting: LHB Ernesto Almirón 0-0: Called Strike
0-1: Foul Ball, location: 7LDF
0-2: Foul Ball, location: 3F
0-2: Ball
1-2: Strikes out looking
Top of the 5th over - 0 runs, 0 hits, 0 errors, 1 left on base; Philadelphia 0 - Washington 1
BOTTOM OF THE 5TH
Washington Nationals batting - Pitching for Philadelphia Phillies : RHP Luis Miguel Rivera
Batting: LHB David Dahl 0-0: Ball
1-0: Foul Ball, location: 3FF
1-1: Ball
2-1: Fly out, F5 (Line Drive, 5, EV 85 MPH)
Batting: LHB Joe Wendle 0-0: Ball
1-0: Called Strike
1-1: Ball
2-1: Ball
3-1: SINGLE (Groundball, 6MS, EV 94 MPH) (infield hit)
Batting: RHB Chris Jarvis 0-0: Ball
1-0: Fly out, F5 (Popup, 25F, EV 55 MPH)
Batting: SHB Lucius Fox Jr. 0-0: Ball
1-0: Called Strike
1-1: Ball
2-1: Foul Ball, location: 2F
2-2: Ball
3-2: Strikes out swinging
Bottom of the 5th over - 0 runs, 1 hit, 0 errors, 1 left on base; Philadelphia 0 - Washington 1
TOP OF THE 6TH
Philadelphia Phillies batting - Pitching for Washington Nationals : RHP Cristian Quintin
Batting: RHB Maikel Franco 0-0: Ball
1-0: Called Strike
1-1: Called Strike
1-2: Ball
2-2: Foul Ball, location: 9LDF
2-2: Ball
3-2: Fly out, F7 (Flyball, 7S, EV 111 MPH)
Pitching: LHP Paco Rodriguez
Batting: LHB Jonas Lantigua 0-0: Called Strike
0-1: Ball
1-1: Swinging Strike
1-2: Ball
2-2: Strikes out swinging
Batting: RHB Ryan McBroom 0-0: Ball
1-0: Ball
2-0: Called Strike
2-1: Foul Ball, location: 2F
2-2: Foul Ball, location: 2F
2-2: Ground out 4-3 (Groundball, 34, EV 106 MPH)
Top of the 6th over - 0 runs, 0 hits, 0 errors, 0 left on base; Philadelphia 0 - Washington 1
BOTTOM OF THE 6TH
Washington Nationals batting - Pitching for Philadelphia Phillies : RHP Luis Miguel Rivera
Batting: RHB Monte Harrison 0-0: Single, Error in OF, E9, batter to second base (Line Drive, 89S, EV 98 MPH)
Batting: RHB Michael Choice 0-0: Ball
1-0: Ball
2-0: 2-RUN HOME RUN (Flyball, 7D, EV 107 MPH), Distance : 364 ft
Batting: RHB Oscar Hernandez 0-0: Called Strike
0-1: Foul Ball, location: 9LSF
0-2: Ball
1-2: Ball
2-2: Foul Ball, location: 3F
2-2: Ball
3-2: Base on Balls
Batting: RHB Sean Daniels 0-0: Ball
1-0: Ball
2-0: Ball
3-0: Called Strike
3-1: Called Strike
3-2: Strikes out swinging
Batting: LHB Greg Bird 0-0: Called Strike
0-1: DOUBLE (Line Drive, 89XD, EV 91 MPH)
Oscar Hernandez to third
Batting: LHB David Dahl 0-0: Ball
1-0: Foul Ball, location: 23FF
1-1: Ball
2-1: Fly out, F8 (Flyball, 8RXD, EV 103 MPH)
Runner from 3rd tags up, SCORES, no throw by CF
Batting: LHB Joe Wendle 0-0: Fly out, F9 (Flyball, 89D, EV 94 MPH)
Bottom of the 6th over - 3 runs, 3 hits, 1 error, 1 left on base; Philadelphia 0 - Washington 4
TOP OF THE 7TH
Philadelphia Phillies batting - Pitching for Washington Nationals : LHP Paco Rodriguez
Pitching: LHP Michal Bauerewski
Batting: LHB Ivan Hakanson 0-0: Called Strike
0-1: Foul Ball, location: 7LDF
0-2: SINGLE (Line Drive, 7LM, EV 103 MPH)
Batting: LHB Jake Turnbull 0-0: Foul Ball, location: 3F
0-1: Ball
1-1: Ball
2-1: Ball
3-1: Base on Balls
Ivan Hakanson to second
Batting: RHB Brandon Diaz 0-0: Ball
1-0: Called Strike
1-1: Ball
2-1: Swinging Strike
2-2: Strikes out swinging
Pinch Hitting: RHB Jose Altuve 0-0: Called Strike
0-1: Swinging Strike
0-2: Ball
1-2: Ball
2-2: Foul Ball, location: 25F
2-2: Foul Ball, location: 2RF
2-2: SINGLE (Line Drive, 56, EV 66 MPH)
Ivan Hakanson to third
Jake Turnbull to second
Batting: RHB Michael Garnier 0-0: Swinging Strike
0-1: Fly out, F6 (Line Drive, 6, EV 100 MPH)
Pinch Hitting: RHB Wes Bowers 0-0: Ball
1-0: Foul Ball, location: 2F
1-1: Ball
2-1: Fly out, F8 (Line Drive, 8RM, EV 95 MPH)
Top of the 7th over - 0 runs, 2 hits, 0 errors, 3 left on base; Philadelphia 0 - Washington 4
BOTTOM OF THE 7TH
Washington Nationals batting - Pitching for Philadelphia Phillies : RHP Luis Miguel Rivera
Now at 2B: Jose Altuve
Now at SS: Rony Cabrera
Batting: RHB Chris Jarvis 0-0: Ball
1-0: Foul Ball, location: 23F
1-1: Swinging Strike
1-2: Strikes out swinging
Batting: SHB Lucius Fox Jr. 0-0: Ball
1-0: Fly out, F5 (Popup, 25F, EV 53 MPH)
Batting: RHB Monte Harrison 0-0: Ball
1-0: Ball
2-0: Ball
3-0: Called Strike
3-1: Foul Ball, location: 2F
3-2: Foul Ball, location: 2F
3-2: Foul Ball, location: 2F
3-2: SINGLE (Groundball, 6D, EV 83 MPH)
Pitching: LHP António Pacheco
Batting: RHB Michael Choice 0-0: SINGLE (Groundball, 13, EV 64 MPH) (infield hit)
Monte Harrison to second
Batting: RHB Oscar Hernandez 0-0: Foul Ball, location: 5FF
0-1: 3-RUN HOME RUN (Flyball, 89XD, EV 113 MPH), Distance : 401 ft
Batting: RHB Sean Daniels 0-0: Foul Ball, location: 2LF
0-1: Ball
1-1: SINGLE (Groundball, 6D, EV 101 MPH)
Batting: LHB Greg Bird 0-0: Called Strike
0-1: Foul Ball, location: 2F
0-2: Ball
1-2: Foul Ball, location: 23FF
1-2: Ball
2-2: Fielders Choice at 2nd, U4 (Groundball, 4M, EV 93 MPH)
Bottom of the 7th over - 3 runs, 4 hits, 0 errors, 1 left on base; Philadelphia 0 - Washington 7
TOP OF THE 8TH
Philadelphia Phillies batting - Pitching for Washington Nationals : LHP Michal Bauerewski
Pitching: RHP Jim McCain
Batting: RHB Maikel Franco 0-0: Ball
1-0: Foul Ball, location: 5FF
1-1: Ball
2-1: SINGLE (Line Drive, 9, EV 91 MPH)
Batting: LHB Jonas Lantigua 0-0: Ball
1-0: Called Strike
1-1: Ball
2-1: Foul Ball, location: 7LDF
2-2: Grounds into double play, 4-6-3 (Groundball, 4, EV 90 MPH)
Batting: RHB Ryan McBroom 0-0: Ball
1-0: Ball
2-0: Called Strike
2-1: Fly out, F7 (Line Drive, 7, EV 93 MPH)
Top of the 8th over - 0 runs, 1 hit, 0 errors, 0 left on base; Philadelphia 0 - Washington 7
BOTTOM OF THE 8TH
Washington Nationals batting - Pitching for Philadelphia Phillies : LHP António Pacheco
Batting: LHB David Dahl 0-0: SOLO HOME RUN (Flyball, 89XD, EV 104 MPH), Distance : 406 ft
Pitching: RHP Curt Hardy
Batting: LHB Joe Wendle 0-0: Foul Ball, location: 7LMF
0-1: Ball
1-1: Ball
2-1: Ball
3-1: Foul Ball, location: 2LF
3-2: Strikes out looking
Batting: RHB Chris Jarvis 0-0: Called Strike
0-1: Ball
1-1: Foul Ball, location: 9LMF
1-2: Fly out, F3 (Popup, 23F, EV 47 MPH)
Batting: SHB Lucius Fox Jr. 0-0: Ball
1-0: Foul Ball, location: 5DF
1-1: Swinging Strike
1-2: Ball
2-2: Foul Ball, location: 2F
2-2: Ball
3-2: Base on Balls
Batting: RHB Monte Harrison 0-0: Called Strike
0-1: Called Strike
Lucius Fox Jr. takes 2nd base (defensive indifference)
0-2: Foul Ball, location: 9LMF
0-2: Strikes out swinging
Bottom of the 8th over - 1 run, 1 hit, 0 errors, 1 left on base; Philadelphia 0 - Washington 8
TOP OF THE 9TH
Philadelphia Phillies batting - Pitching for Washington Nationals : RHP Jim McCain
Batting: LHB Ivan Hakanson 0-0: Called Strike
0-1: Ball
1-1: SINGLE (Line Drive, 9LM, EV 81 MPH)
Batting: LHB Jake Turnbull 0-0: Swinging Strike
0-1: Called Strike
0-2: Strikes out swinging
Pinch Hitting: SHB Jose Patino 0-0: Called Strike
0-1: Ball
1-1: Ball
2-1: Foul Ball, location: 25F
2-2: Ball
3-2: DOUBLE (Line Drive, 8LXD, EV 89 MPH)
Ivan Hakanson to third
Pitching: RHP Ken Giles
Batting: RHB Jose Altuve 0-0: Ball
1-0: SINGLE (Flyball, 34D, EV 75 MPH)
Ivan Hakanson scores
Jose Patino to third
Batting: RHB Michael Garnier 0-0: Called Strike
0-1: Foul Ball, location: 2F
0-2: Ball
1-2: Ball
2-2: Fly out, F9 (Line Drive, 9D, EV 94 MPH)
Runner from 3rd tags up, SCORES, no throw by RF
Batting: RHB Rony Cabrera 0-0: Ball
1-0: Ball
2-0: Called Strike
2-1: Called Strike
2-2: Foul Ball, location: 9LDF
2-2: Fly out, F7 (Flyball, 7, EV 86 MPH)
Top of the 9th over - 2 runs, 3 hits, 0 errors, 1 left on base; Philadelphia 2 - Washington 8
Tuesday, September 22nd , 2026 - OOTP Baseball 27.4 Build 76